 Dungeon Crawl Stone Soup version 0.27.0-1-g7a089689b8 (webtiles) character file.

Game seed: 10771223765040575606

541 sanka the Skirmisher (level 7, 52/61 HPs)
             Began as a Green Draconian Arcane Marksman on Aug 7, 2021.
             Was a Believer of Fedhas.
             Quit the game on level 4 of the Dungeon.
             The game lasted 00:06:57 (4681 turns).

sanka the Skirmisher (DrAM)                         Turns: 4681, Time: 00:06:58

Health: 52/61      AC:  6    Str: 12    XL:     7   Next: 5%
Magic:  8/8        EV: 13    Int: 14    God:    Fedhas [**....]
Gold:   78         SH:  0    Dex: 13    Spells: 7/8 levels left

rFire    . . .     SeeInvis +   b - +2 hand axe (freeze)
rCold    . . .     Faith    +   (no shield)
rNeg     . . .     Spirit   .   (armour unavailable)
rPois    +         Reflect  .   (helmet restricted)
rElec    .         Harm     .   (no cloak)
rCorr    .         Rampage  .   (no gloves)
Will     .....                  (no boots)
Stlth    +.........             u - amulet of faith
HPRegen  0.20/turn              (no ring)
MPRegen  0.11/turn              y - ring of see invisible

@: no status effects
A: breathe noxious fumes, AC +6, unfitting armour, poison resistance,
cold-blooded
a: Breathe Noxious Fumes, Renounce Religion, Wall of Briars


You were on level 4 of the Dungeon.
You worshipped Fedhas.
Fedhas was pleased with you.
You visited 1 branch of the dungeon, and saw 4 of its levels.

You collected 78 gold pieces.


Innate Abilities, Weirdness & Mutations

You can breathe blasts of noxious fumes.
Your lurid green scales are hard. (AC +6)
You cannot fit into any form of body armour.
Your system is resistant to poisons. (rPois)
You are cold-blooded and may be slowed by cold attacks.


   Skills:
 + Level 5.5 Fighting
 - Level 1.7 Crossbows
 + Level 4.9 Dodging
 - Level 1.0 Spellcasting
 - Level 2.6 Hexes
 + Level 2.1 Invocations


You had 7 spell levels left.
You knew the following spells:

 Your Spells              Type           Power      Damage    Failure   Level
Z - Corona                Hex            8%         N/A       9%          1

Your spell library contained the following spells:

 Spells                   Type           Power      Damage    Failure   Level
 Slow                     Hex            8%         N/A       13%         2
 Dazzling Flash           Conj/Hex       8%         N/A       41%         3
 Inner Flame              Hex/Fire       4%         N/A       41%         3
 Portal Projectile        Hex/Tloc       8%         N/A       41%         3
 Cause Fear               Hex            4%         N/A       65%         4
 Iskenderun's Mystic Bla  Conj/Tloc      0%         2d3       95%         4
 Starburst                Conj/Fire      0%         8x6d3     100%        6

Inventory:

Hand Weapons
 a - a +0 hand crossbow
 b - a +2 hand axe of freezing (weapon)
 x - a +2 short sword of speed
Missiles
 c - 11 bolts
Armour
 j - a +0 pair of boots
 p - a +1 pair of gloves
 q - a +0 pair of gloves
Jewellery
 h - a ring of ice
 u - an amulet of faith (around neck)
 v - an amulet of guardian spirit
 y - a ring of see invisible (right hand)
Wands
 r - a wand of mindburst (19)
 w - a wand of polymorph (7)
Scrolls
 d - a scroll of teleportation {unknown}
 i - 2 scrolls of identify {unknown}
 m - a scroll of blinking {unknown}
 o - a scroll of enchant weapon {unknown}
Potions
 e - a potion of attraction {unknown}
 f - 2 potions of curing {unknown}
 g - 2 potions of magic {unknown}
 k - 2 potions of heal wounds {unknown}
 l - 2 potions of might {unknown}
 n - a potion of flight {unknown}
 s - a potion of brilliance {unknown}
 t - a potion of lignification {unknown}
 z - a potion of berserk rage {unknown}

Dungeon Overview and Level Annotations

Branches:
Dungeon (4/15)
 Temple: D:4-7

Altars:
Fedhas
Ru
Uskayaw

[▒▒▒..▒..▒▒▒▒.▒▒▒▒▒▒.▒....▒......
......▒.......▒.▒...........▒▒...
..................<..............
..▒.▒▒▒.......▒......▒....▒......
▒.............▒.▒(........▒......
▒▒▒.▒▒▒▒......▒▒▒..▒.▒▒▒▒.▒......
....▒ ▒.▒▒▒▒.▒(..........▒.▒'▒▒▒
▒▒▒▒▒▒▒▒.▒ ▒)▒▒.▒..▒.▒▒..▒.▒)...
▒ ▒......▒ ▒.▒▒d▒........▒.▒....
▒ ▒.▒▒▒▒▒▒▒▒▒.▒▒.▒▒....▒.▒▒.▒....
▒▒▒.▒▒........▒▒.▒▒......▒▒.▒....
.▒▒.▒▒.........†[........▒▒.▒....
.▒▒.▒▒.....^.....▒▒▒▒▒...▒▒.▒.▒▒▒
.'..▒▒..?!.......+.....▒†▒▒.▒.▒▒▒
.▒▒▒▒▒...........▒▒▒▒....▒▒.▒.▒..
▒▒ ▒.........▒▒▒▒▒▒....▒▒.▒.▒..
▒......................▒.▒..


There were no monsters in sight!


Message History

The bullfrog skeleton hits you but does no damage.
The bullfrog skeleton hits you but does no damage.
Unknown command.
You hit the bullfrog skeleton.
The bullfrog skeleton is severely damaged.
The bullfrog skeleton misses you.
Unknown command.
You hit the bullfrog skeleton.
The bullfrog skeleton is severely damaged.
The bullfrog skeleton hits you but does no damage.
The bullfrog skeleton misses you.
Unknown command.
You slash the bullfrog skeleton!
The bullfrog skeleton is almost destroyed.
The bullfrog skeleton hits you.
The bullfrog skeleton closely misses you.
Unknown command.
You hit the bullfrog skeleton.
You destroy the bullfrog skeleton!
Fedhas accepts your kill.
Your Invocations skill increases to level 2!
You have reached level 7!
Your scales start taking on a lurid green colour.
You learn Poison Magic much quicker.
You can breathe blasts of noxious fumes.
You feel resistant to poisons.
Unknown command.
Okay, then.
Unknown command.
Are you sure you want to abandon this character and quit the game? (Confirm with "yes".)

Action                   |  1- 3 |  4- 6 |  7- 9 || total
-------------------------+-------+-------+-------++-------
Melee: Unarmed           |    13 |       |       ||    13
       Hand axe          |    11 |   159 |       ||   170
       Tailslap          |     6 |    18 |       ||    24
 Fire: Hand crossbow     |    84 |    25 |       ||   109
 Stab: Sleeping          |       |     2 |       ||     2
Armor: Skin              |     9 |   100 |       ||   109
Dodge: Dodged            |    25 |   170 |       ||   195

Levels and vault maps discovered:
D:1:      dpeg_arrival_snail, layout_basic, minmay_pentomino_w4
D:2:      layout_basic, shapermc_ecumenical_altar_flowoftime
D:3:      layout_loops_ring, grunt_temple_overflow_open, goddamned_bats
D:4:      layout_basic, serial_park_tiny_1

Notes
Turn   | Place    | Note
-------+----------+-------------------------------------------
     0 | D:1      | sanka the Draconian Arcane Marksman began the quest for the
                  | Orb.
     0 | D:1      | Reached XP level 1. HP: 16/16 MP: 2/2
   187 | D:1      | Reached skill level 2 in Dodging
   350 | D:1      | Reached XP level 2. HP: 24/24 MP: 3/3
   359 | D:1      | Reached skill level 2 in Fighting
   985 | D:2      | Reached XP level 3. HP: 30/30 MP: 4/4
  1104 | D:2      | Found a faded altar of an unknown god.
  1736 | D:2      | Became a worshipper of Fedhas Madash
  1736 | D:2      | Reached * piety under Fedhas
  1778 | D:3      | Reached skill level 3 in Fighting
  1990 | D:3      | Reached skill level 3 in Dodging
  1990 | D:3      | Reached XP level 4. HP: 23/38 MP: 5/5
  2256 | D:3      | Reached XP level 5. HP: 43/46 MP: 6/6
  2261 | D:3      | Reached skill level 4 in Fighting
  2566 | D:3      | Reached skill level 4 in Dodging
  2800 | D:3      | Reached ** piety under Fedhas
  3127 | D:3      | Reached XP level 6. HP: 52/53 MP: 7/7
  3224 | D:3      | Found a hide-covered altar of Uskayaw.
  3224 | D:3      | Found a sacrificial altar of Ru.
  3934 | D:4      | Reached skill level 5 in Fighting
  4150 | D:4      | Reached skill level 1 in Invocations
  4681 | D:4      | Reached skill level 2 in Invocations
  4681 | D:4      | Your scales start taking on a lurid green colour.
  4681 | D:4      | Reached XP level 7. HP: 52/61 MP: 8/8
  4681 | D:4      | Gained mutation: Your system is resistant to poisons.
                  | (rPois) [Green Draconian growth]
  4681 | D:4      | Quit the game

Vanquished Creatures
  A vampire bat (D:3)
  3 hounds (D:4)
  An orc priest (D:4)
  2 bullfrog skeletons (D:4)
  An iguana (D:4)
  2 orc wizards (D:3)
  4 adders
  3 gnolls
  An adder skeleton (D:4)
  4 worms
  4 dart slugs
  3 fire bats (D:3)
  6 orcs
  2 spectral bats (D:3)
  7 ball pythons
  3 bat skeletons (D:3)
  A bat zombie (D:3)
  9 endoplasms
  5 giant cockroaches
  3 goblins
  3 hobgoblins (D:1)
  2 jackals (D:2)
  2 kobolds (D:4)
  4 quokkas
  12 bats
  A bat simulacrum (D:3)
  3 frilled lizards
  5 rats
97 creatures vanquished.

Vanquished Creatures (others)
  2 plants (D:2)
  2 withered plants (D:2)
4 creatures vanquished.

Grand Total: 101 creatures vanquished
